 Dungeon Crawl Stone Soup version 0.29.0-4-gdea44cf6ec (webtiles) character file.

Game seed: 783875590910421560

81 qw the Chopper (level 4, -2/26 HPs)
             Began as a Tengu Warper on Aug 28, 2022.
             Slain by Terence
             ... wielding a +0 mace
              (5 damage)
             ... on level 2 of the Dungeon.
             The game lasted 00:00:12 (1700 turns).

qw the Chopper (Tengu Warper)                       Turns: 1700, Time: 00:00:12

Health: -2/26      AC:  7    Str: 13    XL:     4   Next: 42%
Magic:  8/8        EV: 11    Int: 13    God:
Gold:   104        SH:  0    Dex: 14    Spells: 7/7 levels left

rFire   x . .      SeeInvis .   Y - +0 hand axe
rCold   + + .      Faith    .   (no shield)
rNeg    + . .      Spirit   .   l - +0 ring mail
rPois   .          Reflect  .   a - +2 hat of Uskayaw's Whim {rF- rC++ rN+}
rElec   .          Harm     .   (no cloak)
rCorr   .          Rampage  .   (no gloves)
Will    .....                   (boots unavailable)
Stlth   +.........              e - amulet of the acrobat
HPRegen 0.08/turn               (no ring)
MPRegen 0.11/turn               (no ring)

@: no status effects
A: beak, talons 3
a: no special abilities


You were on level 2 of the Dungeon.
You visited 1 branch of the dungeon, and saw 2 of its levels.

You collected 104 gold pieces.


Innate Abilities, Weirdness & Mutations

You have a beak for a mouth.
You have claws for feet.


   Skills:
 - Level 2.0 Fighting
 + Level 5.0 Axes
 - Level 1.0 Throwing
 - Level 1.1 Armour
 - Level 2.1 Dodging
 - Level 2.0 Spellcasting
 - Level 2.4 Translocations


You had 7 spell levels left.
You didn't know any spells.
Your spell library contained the following spells:

 Spells                   Type           Power      Damage    Failure   Level
 Blink                    Tloc           14%        N/A       30%         2
 Gell's Gravitas          Tloc           7%         N/A       52%         3
 Lesser Beckoning         Tloc           7%         N/A       52%         3
 Teleport Other           Tloc           7%         N/A       52%         3
 Manifold Assault         Tloc           7%         N/A       99%         5

Inventory:

Hand Weapons
 c - a +0 flail
 Y - a +0 hand axe (weapon)
Armour
 a - the +2 hat of Uskayaw's Whim (worn) {rF- rC++ rN+}
   (You acquired it on level 1 of the Dungeon)

   rF:        It makes you vulnerable to fire.
   rC:        It greatly protects you from cold.
   rN:        It protects you from negative energy.
 l - a +0 ring mail (worn)
Jewellery
 e - an amulet of the acrobat (around neck)
Scrolls
 b - 2 scrolls of teleportation {unknown}
 f - a scroll of vulnerability {unknown}
 j - 2 scrolls of identify
Potions
 i - a potion of lignification {unknown}

Dungeon Overview and Level Annotations

Branches:
Dungeon (2/15)

Altars:

Annotations:
D:2 Terence


Message History

Terence hits you with a +0 mace!
You hit Terence but do no damage.
Terence is severely wounded.
Terence screams, "I'm going to kill you!"
Terence hits you with a +0 mace.
You hit Terence but do no damage. You claw Terence.
You peck Terence, but do no damage.
Terence is severely wounded.
Terence hits you with a +0 mace.
1692 ||| DRINKING potion of heal wounds.
You feel much better.
Terence screams, "I'm going to kill you!"
Terence hits you with a +0 mace.
You closely miss Terence. You peck Terence, but do no damage.
Terence is severely wounded.
Terence barely misses you.
You hit Terence but do no damage. You claw Terence, but do no damage.
Terence is severely wounded.
Terence hits you with a +0 mace!
You hit Terence but do no damage.
Terence is severely wounded.
Terence hits you with a +0 mace.
You completely miss Terence. Your kick misses Terence.
You peck Terence, but do no damage.
Terence is severely wounded.
Terence hits you with a +0 mace.
You hit Terence but do no damage. Your kick misses Terence.
You peck Terence, but do no damage.
Terence is severely wounded.
Terence hits you with a +0 mace.
You hit Terence but do no damage. You claw Terence, but do no damage.
Terence is severely wounded.
Terence hits you with a +0 mace.
You barely miss Terence. You claw Terence, but do no damage.
Terence is severely wounded.
Terence closely misses you.
You hit Terence but do no damage.
Terence is severely wounded.
Terence hits you with a +0 mace.
You die...

~~..~..~~...~# #(#.
~~..~..~..~..~~ #.#!
~~...~.}~..~..~~
#../#~~..~..~}.~...~~
#...#~~..~..~..~..~~~
#... #~...~~..~..~~~#
#.#. #)......~..~.##
#...###........~~..##
#.@@##............#.
#.#.#...............
# #...####...######.
##..####.#.####...
#...............).
#%#.##.####.....).
#.#.##.# .........
#.#..#.# .##......
..##.#.# #......


You could see Terence.

Vanquished Creatures
  3 gnolls (D:2)
  An adder (D:2)
  A dart slug (D:2)
  3 bats
  4 endoplasms (D:1)
  2 giant cockroaches (D:1)
  7 goblins
  3 jackals (D:1)
  2 quokkas (D:2)
  2 ball pythons
  2 frilled lizards (D:1)
  5 kobolds
  6 rats
41 creatures vanquished.

Notes
Turn   | Place    | Note
-------+----------+-------------------------------------------
     0 | D:1      | qw the Tengu Warper began the quest for the Orb.
     0 | D:1      | Reached XP level 1. HP: 12/12 MP: 4/4
     0 | D:1      | 0 ||| qw: Version: 0.1-a-89-g26bdef1
     0 | D:1      | 0 ||| qw: Game counter: 666
     0 | D:1      | 0 ||| qw: Always use a shield: true
     0 | D:1      | 0 ||| qw: God list: Okawaru
     0 | D:1      | 0 ||| qw: Allow faded altars: false
     0 | D:1      | 0 ||| qw: Do Orc after D:15 true
     0 | D:1      | 0 ||| qw: Do second Lair branch before Depths: true
     0 | D:1      | 0 ||| qw: Lair rune preference: random
     0 | D:1      | 0 ||| qw: Plans: Normal
     0 | D:1      | 0 ||| PLANNING D:1-11
    17 | D:1      | Found a faded altar of an unknown god.
    54 | D:1      | 54 ||| DROPPING +0 club.
    95 | D:1      | Reached XP level 2. HP: 12/17 MP: 6/6
   189 | D:1      | Reached skill level 3 in Axes
   445 | D:1      | 445 ||| Stepping ~*~*~tactically~*~*~ (stealth).
   447 | D:1      | 447 ||| Stepping ~*~*~tactically~*~*~ (stealth).
   813 | D:1      | Reached XP level 3. HP: 17/21 MP: 7/7
  1120 | D:1      | 1120 ||| UPGRADING to +0 ring mail.
  1130 | D:1      | 1130 ||| DROPPING +0 leather armour.
  1131 | D:1      | 1131 ||| UPGRADING to amulet of the acrobat.
  1136 | D:1      | 1136 ||| DROPPING ring of magical power.
  1137 | D:1      | 1137 ||| READING scroll labelled ICWEUF RIUHO.
  1137 | D:1      | Identified a scroll of acquirement
  1137 | D:1      | 1137 ||| ACQUIRING +2 hat of Uskayaw's Whim {rF- rC++ rN+}
  1137 | D:1      | Acquired the +2 hat of Uskayaw's Whim {rF- rC++ rN+}
  1139 | D:1      | 1139 ||| UPGRADING to +2 hat of Uskayaw's Whim {rF- rC++
                  | rN+}.
  1144 | D:1      | 1144 ||| READING 3 scrolls labelled NIECASM EDWECS.
  1145 | D:1      | 1145 ||| DRINKING 2 fizzy inky potions.
  1146 | D:1      | 1146 ||| READING 2 scrolls of identify.
  1146 | D:1      | 1146 ||| IDENTIFYING fuming clear potion
  1147 | D:1      | 1147 ||| DROPPING scroll of blinking.
  1148 | D:1      | 1148 ||| DROPPING potion of invisibility.
  1232 | D:2      | HP: 4/21 [gnoll/+0 whip (2)]
  1233 | D:2      | 1233 ||| DRINKING potion of heal wounds.
  1236 | D:2      | Reached skill level 4 in Axes
  1245 | D:2      | Reached XP level 4. HP: 14/26 MP: 8/8
  1397 | D:2      | 1397 ||| DROPPING +0 whip.
  1414 | D:2      | 1414 ||| Stepping ~*~*~tactically~*~*~ (stealth).
  1417 | D:2      | 1417 ||| Stepping ~*~*~tactically~*~*~ (hiding).
  1461 | D:2      | 1461 ||| Stepping ~*~*~tactically~*~*~ (stealth).
  1497 | D:2      | 1497 ||| Stepping ~*~*~tactically~*~*~ (stealth).
  1498 | D:2      | 1498 ||| Stepping ~*~*~tactically~*~*~ (stealth).
  1554 | D:2      | 1554 ||| Stepping ~*~*~tactically~*~*~ (hiding).
  1605 | D:2      | Reached skill level 5 in Axes
  1682 | D:2      | Noticed Terence
  1691 | D:2      | HP: 6/26 [Terence/+0 mace (4)]
  1692 | D:2      | 1692 ||| DRINKING potion of heal wounds.
  1697 | D:2      | HP: 6/26 [Terence/+0 mace (5)]
  1700 | D:2      | Slain by Terence

Levels and vault maps discovered:
D:1:      tarquinn_simple_flora_water_e, layout_basic,
          hellmonk_ecumenical_altar_lost_god
D:2:      cheibrodos_helix_gallery, layout_rooms, uniq_terence

Skill      XL: |  1  2  3  4 |
---------------+-------------+-----
Axes           | 3 4 5 |  5.0
Fighting       | |  2.0
Throwing       | |  1.0
Armour         | |  1.1
Dodging        | |  2.1
Spellcasting   | |  2.0
Translocations | |  2.4

Action                   |  1- 3 |  4- 6 || total
-------------------------+-------+-------++-------
Melee: Hand axe          |    71 |    36 ||   107
       Kick              |    12 |    12 ||    24
       Peck              |    15 |     8 ||    23
       Punch             |     1 |       ||     1
Throw: Boomerang         |     7 |       ||     7
  Use: Scroll            |     3 |       ||     3
       Potion            |     2 |     1 ||     3
Armor: Leather armour    |     9 |       ||     9
       Ring mail         |     5 |     4 ||     9
Dodge: Dodged            |    60 |    15 ||    75

Table legend:
 A = Non-vault XP
 B = Vault XP
 C = Vault XP percentage of total XP
 D = Non-vault monster count
 E = Vault monster count
 F = Vault count percentage of total count
                 A         B        C        D         E       F
            +---------+---------+-------+---------+---------+-------
      Total |     113 |       4 |   3.4 |      39 |       2 |   4.9
            +---------+---------+-------+---------+---------+-------
        D:1 |      40 |       0 |   0.0 |      25 |       0 |   0.0
        D:2 |      73 |       4 |   5.2 |      14 |       2 |  12.5
            +---------+---------+-------+---------+---------+-------
